[Event "*** Titled Tuesday Blitz"]
[Site "Chess.com"]
[Date "2020.01.07"]
[Round "9"]
[White "Orest_Vovk"]
[Black "guillembaches"]
[Result "0-1"]
[WhiteElo "2418"]
[BlackElo "2338"]
[TimeControl "180+2"]
[EndTime "15:09:15 PST"]
[Termination "guillembaches won by resignation"]

1. g4 e5 2. Bg2 g6 3. h3 Bg7 4. c4 Ne7 5. Nc3 O-O 6. d3 c6 7. Nf3 d5 8. cxd5 Nxd5 9. Nxd5 cxd5 10. Bg5 Qb6 11. Qb3 Qxb3 12. axb3 Nc6 13. O-O Be6 14. Nd2 Rfc8 15. e3 Nb4 16. d4 exd4 17. e4 h6 18. Bh4 Rc2 19. exd5 Bxd5 20. Ne4 g5 21.
Bg3 d3 22. Ra4 a5 23. Bd6 b5 24. Raa1 Bxb2 25. Rad1 Re8 26. Bxb4 Bxe4 27. Bxe4 Rxe4 28. Bxa5 Rd4 29. Rfe1 d2 30. Rf1 b4 31. Bb6 Rd3 32. Be3 Bc3 33. Kg2 Kh7 34. Kf3 Rd7 35. Rb1 Kg6 36. Rfd1 h5 37. Ke2 f5 38. gxf5+ Kxf5 39.
Kf3 g4+ 40. hxg4+ hxg4+ 41. Ke2 Ra2 42. Bh6 Ke4 43. Be3 Rd3 44. Bh6 g3 45. fxg3 Rxg3 46.
Kf2 Rf3+ 47. Ke2 Rh3 48. Bg5 Rh2+ 49. Kf1 Kd3 50. Kg1 Re2 51. Bh4 Kc2 52. Kf1 Rh2 53.
Bg3 Rh1+ 54. Ke2 Rxd1 55. Rxd1 Ra1 56. Rxd2+ Bxd2 57. Be5 Re1+ 0-1

[Event "*** Titled Tuesday Blitz"]
[Site "Chess.com"]
[Date "2020.01.07"]
[Round "9"]
[White "vlad_Sid"]
[Black "ChessyInstinct"]
[Result "1-0"]
[WhiteElo "2591"]
[BlackElo "2461"]
[TimeControl "180+2"]
[EndTime "15:09:17 PST"]
[Termination "vlad_Sid won by checkmate"]

1. c4 c6 2. g3 d5 3. Bg2 Nf6 4. Nf3 Bg4 5. O-O Nbd7 6. b3 e6 7. Qc2 Bd6 8. Bb2 Qe7 9. d4 Bxf3 10. Bxf3 O-O 11. Nd2 Ba3 12. Bc3 Bb4 13. Bb2 Ba3 14. Rac1 Bxb2 15. Qxb2 Rac8 16. Rfd1 Rfd8 17. e4 dxe4 18.
Nxe4 Nxe4 19. Bxe4 Nf6 20. Bg2 h6 21. Qe2 Qa3 22. Rd2 Rd7 23. Rcd1 Rcd8 24. h3 Qa5 25. Kh2 Qh5 26. Bf3 Qa5 27. Kg2 e5 28. d5 e4 29.
Bxe4 cxd5 30. Bxd5 Nxd5 31. cxd5 Rd6 32. Kh2 g6 33. Qc4 Qb6 34. Kg1 Qa5 35. a4 a6 36.
Rd4 h5 37. Kg2 Kh7 38. g4 Qb6 39. Qd3 Kh8 40. Qf3 Rf6 41. Qe3 hxg4 42. hxg4 Kg7 43. g5 Rf5 44. Rh1 Qd6 45. Rhd1 Qe5 46. Qxe5+ Rxe5 47. f4 Re7 48. Kf3 f6 49. d6 Red7 50. a5 fxg5 51. fxg5 Kf7 52. Ke4 Ke6 53. Rf1 Rxd6 54.
Rf6+ Ke7 55. Rb4 R8d7 56. Rxd6 Rxd6 57. Rxb7+ Ke6 58. Rb6 Kd7 59. Rxd6+ Kxd6 60. b4 Kc6 61. Ke5 Kb5 62. Kf6 Kxb4 63. Kxg6 Kxa5 64. Kf5 Kb4 65. g6 a5 66. g7 a4 67. g8=Q Ka3 68. Qc4 Kb2 69.
Qxa4 Kb1 70. Qc4 Ka1 71. Ke4 Kb1 72. Kd3 Kb2 73. Qc2+ Ka1 74. Qd2 Kb1 75. Kc3 Ka1 76.
Qe2 Kb1 77. Qf2 Ka1 78. Qg2 Kb1 79. Qh2 Ka1 80. Qg2 Kb1 81. Qb2# 1-0

[Event "*** Titled Tuesday Blitz"]
[Site "Chess.com"]
[Date "2020.01.07"]
[Round "9"]
[White "Kosche007"]
[Black "arminmusovic"]
[Result "1-0"]
[WhiteElo "2391"]
[BlackElo "2493"]
[TimeControl "180+2"]
[EndTime "15:09:23 PST"]
[Termination "Kosche007 won by resignation"]

1. e4 Nf6 2. e5 Ng8 3. d4 d6 4. Nf3 Bg4 5. Bc4 e6 6. h3 Bh5 7. c3 d5 8. Be2 a6 9. O-O c5 10. a3 Nc6 11. b4 Bxf3 12. Bxf3 cxd4 13. cxd4 Qb6 14. Be3 Nge7 15. Nc3 Nf5 16. Na4 Qa7 17. Nc5 b6 18. Nb3 Be7 19. Rc1 Rc8 20. Qd3 O-O 21.
Be2 b5 22. Nc5 a5 23. Rb1 Rb8 24. Rfc1 Rfc8 25. g4 Nxe3 26. fxe3 Bg5 27. Kf2 Bh4+ 28. Kg2 Rf8 29. Rf1 axb4 30. axb4 Qe7 31. Bf3 f6 32. exf6 Rxf6 33. e4 Kh8 34. exd5 Qd6 35. Ne4 Nxb4 36. Qd2 Qc7 37. Qxb4 Rf4 38. d6 Qc2+ 39.
Nf2 h5 40. Rb2 Qg6 41. Qd2 Rbf8 42. Rxb5 Rxf3 43. Rxh5+ Kg8 44. Rxh4 Qf6 45. Rh5 Qd8 46. Re5 Qxd6 47. Qe2 Qc6 48. Qe4 Qc3 49. Rxe6 Rg3+ 50. Kh2 Rxf2+ 51. Rxf2 Rxh3+ 52. Kg1 Rg3+ 53. Rg2 Qa1+ 54.
Kh2 Rxg2+ 55. Kxg2 Qb2+ 56. Kg3 Qc3+ 57. Kf4 Qc7+ 58.
Qe5 Qc1+ 59. Qe3 Qc7+ 60. Kg5 Qd8+ 61. Kh5 g6+ 62. Rxg6+ Kf7 63. Qe6+ 1-0

[Event "*** Titled Tuesday Blitz"]
[Site "Chess.com"]
[Date "2020.01.07"]
[Round "9"]
[White "Martins-BR"]
[Black "Manukyan_Artak"]
[Result "1-0"]
[WhiteElo "2345"]
[BlackElo "2456"]
[TimeControl "180+2"]
[EndTime "15:09:53 PST"]
[Termination "Martins-BR won by resignation"]

1. e4 e6 2. d4 d5 3. Nc3 dxe4 4.
Nxe4 Bd7 5. Nf3 Bc6 6. Bd3 Nd7 7.
O-O Ngf6 8. Ng3 Be7 9. Re1 O-O 10. c4 b6 11. b3 Re8 12. Bb2 Nf8 13. Ne5 Bb7 14.
Qe2 c5 15. Red1 cxd4 16. Bxd4 Qc8 17. Rac1 Rd8 18. Bb2 Ng6 19. Bxg6 hxg6 20. Bc3 Qc7 21. Re1 Bd6 22. f3 a5 23. a4 Bc5+ 24. Kh1 Bd4 25.
Bxd4 Rxd4 26. Qe3 Rad8 27. Rc2 Rd1 28. Re2 Qd6 29. h3 Rxe1+ 30. Rxe1 Qd2 31. Qxd2 Rxd2 32. Re2 Rd1+ 33. Kh2 Kf8 34. Ne4 Nxe4 35. fxe4 f6 36. Nxg6+ Kf7 37. Nf4 Ke7 38. g4 Rb1 39. Re3 g5 40. Nh5 Kd6 41. Kg3 Ke5 42. h4 gxh4+ 43.
Kxh4 Rh1+ 44. Kg3 Bxe4 45. Nxf6 Kxf6 46. Rxe4 e5 47. Re3 Rg1+ 48. Kf3 Ke6 49. Rd3 Re1 50. Rd5 Rf1+ 51. Kg2 Rf4 52. Kg3 Rf8 53. Rb5 Rb8 54. c5 Kd5 55. cxb6+ Kd4 56. b7 e4 57. Kf2 Kd3 58. Ke1 e3 59. Rd5+ Ke4 60. Rd7 Kf3 61.
Rf7+ Ke4 62. Ke2 Kd4 63. g5 Rh8 64. g6 Kc3 65. g7 Rg8 66. Rf8 1-0

[Event "*** Titled Tuesday Blitz"]
[Site "Chess.com"]
[Date "2020.01.07"]
[Round "9"]
[White "1stSecond"]
[Black "IMUltimateBeast"]
[Result "1/2-1/2"]
[WhiteElo "2830"]
[BlackElo "2668"]
[TimeControl "180+2"]
[EndTime "15:10:17 PST"]
[Termination "Game drawn by repetition"]

1. d4 Nf6 2. c4 e6 3. Nc3 d5 4. cxd5 exd5 5. Bg5 c6 6. e3 Bf5 7. Qf3 Bg6 8. Bxf6 Qxf6 9. Qxf6 gxf6 10. Nce2 Nd7 11. Nf3 h5 12. Nh4 Bb4+ 13. Kd1 O-O-O 14. Nf4 Rhg8 15. Rc1 Kb8 16. Be2 Bd6 17. Nxh5 Bxh5 18. Bxh5 Rh8 19. g4 f5 20. Nxf5 Nf6 21. Nxd6 Rxd6 22. Ke2 Nxh5 23. gxh5 Rxh5 24. Rcg1 Rdh6 25. Rg8+ Kc7 26. Rg7 Rxh2 27. Rxf7+ Kb6 28. Rg1 Rh7 29. Rxh7 Rxh7 30. Rg2 a5 31. a4 Rh1 32. f4 Rb1 33. Kf3 Rf1+ 34. Rf2 Rh1 35. f5 Kc7 36. f6 Kd7 37. e4 dxe4+ 38. Kxe4 Ke8 39. f7+ Kf8 40. Ke5 Rh5+ 41. Ke6 Rh6+ 42. Kd7 Rh4 43. Rd2 Kxf7 44. Kc7 Ke6 45. Kxb7 Kd5 46. Kb6 Rh7 47. Kxa5 Rb7 48.
Ka6 Rb4 49. a5 Rb5 50. Rc2 Kxd4 51. Rxc6 Rxb2 52. Rb6 Ra2 53. Rb5 Rg2 54. Ka7 Rg6 55. Rb6 Rg5 56. a6 Kc4 57. Rc6+ Kb5 58. Rc7 Ka5 59. Kb7 Rb5+ 60. Ka7 Rg5 61. Rd7 Rb5 62. Rd6 Rg5 63. Kb8 Rg8+ 64. Kb7 Rg7+ 65. Ka8 Rg8+ 66. Ka7 Rg7+ 67. Kb8 Rg8+ 68. Kc7 Rg7+ 69. Kc8 Rg8+ 70. Kd7 Rg7+ 71. Kd8 Rg8+ 72. Kc7 Rg7+ 73. Kb8 Rg8+ 1/2-1/2

[Event "*** Titled Tuesday Blitz"]
[Site "Chess.com"]
[Date "2020.01.07"]
[Round "9"]
[White "Dhaydon19"]
[Black "AlexTriapishko"]
[Result "1/2-1/2"]
[WhiteElo "2711"]
[BlackElo "2858"]
[TimeControl "180+2"]
[EndTime "15:10:20 PST"]
[Termination "Game drawn - insufficient material"]

1. d4 Nf6 2. Nf3 g6 3. g3 Bg7 4. Bg2 O-O 5. c4 b6 6. O-O Bb7 7. Nc3 Ne4 8. Qc2 Nxc3 9. bxc3 Nc6 10. Rb1 Na5 11. c5 d6 12. Rd1 Qc8 13. Bg5 Qe6 14.
Qa4 h6 15. Be3 Bc6 16. Qb4 Nc4 17. d5 Bxd5 18. Ng5 hxg5 19. Bxd5 Nxe3 20. Bxe6 Nxd1 21. Rxd1 fxe6 22. cxd6 cxd6 23. Qe4 Kf7 24. Rd3 Rac8 25.
Rf3+ Bf6 26. Re3 Kg7 27. Qxe6 Rc5 28. c4 Rfc8 29. Re4 R8c7 30. Kg2 Ra5 31. h4 Rcc5 32.
hxg5 Rxg5 33. Qd7 Rgf5 34. a4 Kf7 35. f4 Rfc5 36. g4 g5 37. Qe6+ Kg7 38. Qd7 Kf7 39. e3 d5 40. Qe6+ Kg7 41. fxg5 dxe4 42. gxf6+ exf6 43. Qe7+ Kg6 44. Qxe4+ Kf7 45. Qb7+ Kg6 46. Qd7 Re5 47.
Kf3 Rec5 48. Qe8+ Kg7 49. Qe7+ Kg6 50. Qe4+ Kg7 51. Qc2 Re5 52. Kf4 Re7 53. Qb3 Rae5 54.
Qd3 Kh6 55. Qd4 Kg6 56. Qd3+ Kg7 57. e4 Kg6 58. Qc2 Rxe4+ 59. Qxe4+ Rxe4+ 60. Kxe4 Kg5 61. Kf3 f5 62. gxf5 Kxf5 63. Ke3 Ke5 64. Kd3 Kd6 65. Kd4 Kc6 66. a5 bxa5 67. c5 a4 68. Kc4 a3 69.
Kb3 Kxc5 70. Kxa3 a5 71. Ka2 a4 72. Ka1 a3 73. Ka2 Kb5 74. Ka1 a2 75. Kxa2 1/2-1/2

[Event "*** Titled Tuesday Blitz"]
[Site "Chess.com"]
[Date "2020.01.07"]
[Round "9"]
[White "Roenko_Artur"]
[Black "Karina_Ivanova"]
[Result "1/2-1/2"]
[WhiteElo "2242"]
[BlackElo "2158"]
[TimeControl "180+2"]
[EndTime "15:10:28 PST"]
[Termination "Game drawn by repetition"]

1. e4 c6 2. d4 d5 3. exd5 cxd5 4. Bd3 Nc6 5. c3 g6 6. Bf4 Bg7 7. Nd2 Nf6 8. h3 Bf5 9. Bxf5 gxf5 10. g4 fxg4 11.
hxg4 Qd7 12. g5 Ne4 13. Nxe4 dxe4 14. Qe2 Qf5 15. Be3 O-O-O 16. O-O-O Qd5 17. Kb1 e5 18. c4 Qa5 19. d5 Nd4 20. Qg4+ Kb8 21. Qxe4 f5 22. gxf6 Bxf6 23. Nf3 Nxf3 24. Qxf3 Bg7 25.
Qe4 Qb4 26. Bd2 Qc5 27. Rxh7 Rxh7 28. Qxh7 Bh8 29. Bg5 Rc8 30. Be3 Qxc4 31. Rc1 Qg4 32. Rxc8+ Qxc8 33. d6 Bf6 34. d7 Qd8 35. Qf7 b6 36. Bd2 Kc7 37. Be3 Be7 38. Qc4+ Kxd7 39.
Qb5+ Ke6 40. Qc4+ Qd5 41. Qc8+ Qd7 42. Qg8+ Kf5 43. Qf7+ Ke4 44. Qg6+ Kd5 45. Qd3+ Ke6 46. Qg6+ Kd5 47. Qg2+ Ke6 48. Qg4+ Kd6 49. Qf3 Kc7 50. a3 Qd3+ 51. Ka1 Qf1+ 52. Ka2 Qc4+ 53. Kb1 Qf1+ 54.
Kc2 Qc4+ 55. Kd2 Qc6 56. Qxc6+ Kxc6 57. Kd3 Kd5 58. a4 e4+ 59. Kc3 Bf6+ 60. Kb3 Bd4 61.
Kc2 Bxe3 62. fxe3 Kc4 63. b3+ Kb4 64. Kb2 a6 65. Kc2 b5 66. axb5 axb5 67. Kb2 Kc5 68. Kc3 b4+ 69. Kd2 Kd5 70. Ke2 Ke5 71. Kf2 Kf5 72. Kg3 Kg5 73. Kh3 Kh5 74. Kg3 Kg5 75. Kh3 Kh5 76. Kg3 Kg5 1/2-1/2

[Event "*** Titled Tuesday Blitz"]
[Site "Chess.com"]
[Date "2020.01.07"]
[Round "9"]
[White "IgorBjelobrk"]
[Black "SavelievAlexei"]
[Result "0-1"]
[WhiteElo "2605"]
[BlackElo "2362"]
[TimeControl "180+2"]
[EndTime "15:10:34 PST"]
[Termination "SavelievAlexei won by resignation"]

1. d4 Nf6 2. c4 e6 3. g3 c5 4. d5 exd5 5. cxd5 d6 6. Nc3 g6 7. Bg2 Bg7 8. Nf3 O-O 9. O-O a6 10. a4 Re8 11. Nd2 Nbd7 12. a5 Rb8 13. Nc4 Ne5 14. Nb6 Ned7 15. Nca4 Nxb6 16. Nxb6 Bd7 17. Bf4 Bb5 18. Re1 Qe7 19. e4 Nd7 20. Nxd7 Qxd7 21. Ra2 b6 22. axb6 Rxb6 23. b3 Qe7 24. Bf1 Bxf1 25.
Kxf1 Reb8 26. Kg2 Bd4 27. Ra3 h5 28. h4 Kg7 29. Re2 Qf6 30. Qd3 a5 31. Qc2 a4 32.
Rxa4 Rxb3 33. Ra2 R8b4 34. Qd2 c4 35. Bg5 Qf3+ 36. Kh2 c3 37. Qf4 Qxf4 38. Bxf4 Rb6 39. Rac2 Rb2 40. Bc1 Rxc2 41. Rxc2 f5 42. exf5 gxf5 43.
Kg2 Kf6 44. Bf4 Rb2 45. Rc1 Rxf2+ 46. Kh3 c2 47. Re1 Be5 48. Bg5+ Kg6 49. Rc1 Kf7 50. Bh6 Ke8 51. Bg5 Kd7 52. Bf4 Kc8 53. Re1 Kb7 54. Bg5 Ka6 55. Rc1 Kb5 56. Re1 Kc4 57. Rg1 Kxd5 58.
Rc1 Kc4 59. Bh6 Kd3 60. Re1 Bc3 61. Re3+ Kc4 62. Re8 d5 63. Rc8+ Kd3 64. Rf8 d4 65. Rc8 Bd2 0-1

[Event "*** Titled Tuesday Blitz"]
[Site "Chess.com"]
[Date "2020.01.07"]
[Round "9"]
[White "GMKrikor"]
[Black "Caracternin123"]
[Result "1-0"]
[WhiteElo "2855"]
[BlackElo "2545"]
[TimeControl "180+2"]
[EndTime "15:10:50 PST"]
[Termination "GMKrikor won by resignation"]

1. e4 Nf6 2. e5 Nd5 3. Nf3 d6 4. d4 g6 5. Bc4 Nb6 6. Bb3 Bg7 7. O-O O-O 8. h3 c5 9. dxc5 dxc5 10. Qe2 c4 11. Bxc4 Nxc4 12. Qxc4 Nc6 13. Re1 Bf5 14. Nc3 Qa5 15. Bf4 Rac8 16. Qb3 Qa6 17. Rac1 Be6 18. Qb5 Qxb5 19. Nxb5 Rfd8 20. a3 a6 21. Nc3 Na5 22.
Ne4 Nc4 23. Rb1 Bf5 24. a4 g5 25. Bxg5 Nxe5 26. Nxe5 Bxe5 27. Bxe7 Re8 28. Nf6+ Bxf6 29. Bxf6 Bxc2 30. Rbc1 Bxa4 31. Rxc8 Rxc8 32. Re4 Bc2 33. Rg4+ Bg6 34. h4 h5 35. Rg5 Rc6 36. Bc3 Kh7 37.
f3 b5 38. Kh2 Rc4 39. Kg3 b4 40. Bd2 Rd4 41. Be3 Rd3 42. Bf4 f6 43. Ra5 Rb3 44.
Rxa6 Rxb2 45. Rxf6 b3 46. Rb6 Bc2 47. Be5 Rb1 48. Kf4 Re1 49. Bf6 Re2 50. g3 Kg6 51.
Be5+ Kf7 52. Bd4 Rd2 53. Bc3 Rd3 54. Be5 Bd1 55. Rf6+ Ke7 56. Ke4 Rd2 57. Rb6 Rf2 58.
f4 Re2+ 59. Kf5 Bc2+ 60. Kg5 Bd1 61. Bf6+ Kf7 62. Be5 Ke7 63. Kg6 Re3 64. Kh6 Kf7 65.
Rf6+ Ke7 66. Rb6 Kd7 67. Rb4 Ke6 68. Rb6+ Kf5 69. Rf6+ Kg4 70. Rg6+ Kf3 71. Bg7 Kg2 72.
f5 Bc2 73. Rg5 Rxg3 74. Bb2 Rxg5 75. Kxg5 Bd3 76. f6 Bc4 77. Kxh5 Kg3 78. Kg5 Kf3 79. h5 Ke4 80. h6 Kd3 81. h7 Kc2 82. Be5 b2 83. Bxb2 Kxb2 84. h8=Q Kb1 1-0

[Event "*** Titled Tuesday Blitz"]
[Site "Chess.com"]
[Date "2020.01.07"]
[Round "9"]
[White "enriquetejedor"]
[Black "davigator"]
[Result "1-0"]
[WhiteElo "2483"]
[BlackElo "2325"]
[TimeControl "180+2"]
[EndTime "15:13:46 PST"]
[Termination "enriquetejedor won by checkmate"]

1. e4 c5 2. Nc3 Nc6 3. Nf3 Nf6 4. d4 cxd4 5. Nxd4 d6 6. Be3 Ng4 7. Bb5 Nxe3 8. fxe3 Bd7 9. O-O Ne5 10. Qh5 g6 11.
Qh3 a6 12. Bxd7+ Qxd7 13. Nd5 Qxh3 14. gxh3 Rc8 15. b3 Bh6 16. c4 e6 17. Nf6+ Ke7 18. Rae1 Bg5 19. Ng4 Nd7 20. Nf3 Bf6 21. Nxf6 Nxf6 22. e5 Ne8 23. exd6+ Nxd6 24. e4 h6 25. h4 Rhd8 26. h5 g5 27. h4 gxh4 28. Nxh4 Rg8+ 29. Ng2 Rg5 30. Rf3 Rcg8 31. Re2 Rxh5 32.
Kf1 Rh1+ 33. Kf2 Rh2 34. Rg3 Rxg3 35. Kxg3 Rh1 36. c5 Nb5 37. Ne3 h5 38. Nc4 Nc3 39.
Re3 Nxa2 40. Na5 Kd7 41. Nxb7 Kc6 42. Nd6 f6 43. e5 f5 44. Nxf5 Rg1+ 45. Kh2 Rg5 46.
Nd4+ Kd5 47. Nf3 Rg7 48. Kh3 Nb4 49. Kh4 Kxc5 50. Ng5 Kd5 51. Kxh5 Nc6 52. Rd3+ Kxe5 53. Re3+ Kf5 54. Rf3+ Ke5 55. Re3+ Kf5 56. Rf3+ Ke5 57. Rc3 Nd4 58. Rc5+ Kf4 59. Ra5 e5 60. Nh3+ Kf5 61. Kh6 Rg6+ 62. Kh7 Rg3 63. Nf2 Nxb3 64. Rxa6 Nd4 65.
Ra8 Ne6 66. Ra7 Ng5+ 67. Kh6 Rg2 68. Ra8 Nf7+ 69. Kh7 Rxf2 70. Ra7 Ng5+ 71. Kg7 Rh2 72. Ra1 Rh7+ 73. Kg8 Rh4 74. Kg7 Rf4 75. Ra5 Ne6+ 76. Kf7 Rh4 77. Ra1 Rh7+ 78. Ke8 Nf4 79. Ra5 Ke6 80. Ra6+ Kf5 81. Ra5 Ne2 82. Ra2 Nd4 83.
Ra4 Nb5 84. Ra5 Ke6 85. Ra6+ Nd6+ 86. Kf8 Kf6 87. Rxd6+ Kf5 88. Kg8 Rh2 89. Rd1 e4 90.
Kf7 Rh6 91. Kg7 Ra6 92. Re1 Kf4 93. Rf1+ Kg3 94. Re1 Kf2 95. Rxe4 Ra7+ 96. Kf6 Kf3 97. Rb4 Ra6+ 98. Ke5 Ra5+ 99. Kd4 Rh5 100. Rb3+ Kf4 101. Rb1 Rh3 102. Rf1+ Rf3 103. Rh1 Kg3 104. Ke4 Rf4+ 105. Ke5 Kg2 106. Rh8 Ra4 107. Rf8 Kh2 108. Kf5 Kg2 109. Re8 Kh2 110. Re4 Kg2 111. Rxa4 Kf3 112. Ra3+ Ke2 113. Ke4 Kd2 114. Rh3 Kc2 115. Kd4 Kb2 116. Kc4 Ka2 117. Kb4 Ka1 118. Rh2 Kb1 119. Kc3 Ka1 120. Kb3 Kb1 121. Rh1# 1-0